[Event "127th NZ Congress 2020"]
[Site "Tauranga"]
[Date "2020.01.21"]
[Round "8.10"]
[White "Cilia Vincenti, David"]
[Black "Pinic, Noel"]
[Result "0-1"]
[ECO "A50"]
[WhiteElo "2070"]
[BlackElo "2054"]
[Annotator "NA RC"]
[PlyCount "96"]
[EventDate "2020.01.14"]
[EventType "swiss"]
[EventCountry "NZL"]
[SourceTitle "playchess.com"]
[Source "ChessBase"]
[SourceQuality "1"]
[TimeControl "40/5400+30:1800+30"]

1. d4 Nc6 2. c4 e5 3. d5 Nce7 4. Nc3 Nf6 5. e4 Ng6 6. g3 Bc5 {[%emt 0:00:21] A50: Queen's Fianchetto Defence (1 d4 Nf6 2 c4 b6)} 7. Bg2 O-O (7... a6 8. Nge2 O-O 9. O-O d6 10. Qd3 Bd7 11. a3 Qc8 12. b4 Ba7 13. Be3 Bxe3 14. Qxe3 {½-½ (48) Livaic,L (2436)-Tomazini,Z (2411) Slovenia 2016}) 8. h3 d6 9. Nge2 a5 10. O-O Bd7 11. Kh2 $146 ({Predecessor:} 11. Bd2 Qe7 12. Nc1 h6 13. Nd3 {1-0 (44) Michenka,J (2300)-Novak,I (2300) Czechoslovakia 1991}) 11... h5 12. Qc2 h4 13. Nd1 Nh5 14. Be3 Bxe3 15. Nxe3 Qg5 16. Nf5 Bxf5 17. exf5 Ne7 18. Be4 g6 19. gxh4 (19. g4 $1 $14 Nf6 20. Rae1) 19... Qxh4 20. Rg1 $1 Nf4 21. Nxf4 Qxf4+ {[%emt 0:00:07] Double Attack} 22. Rg3 Kg7 23. Rag1 Rh8 24. Kg2 Rh4 25. Re1 Rah8 (25... Kh6 $11 {keeps the balance.}) 26. Ree3 R8h5 27. Rgf3 Qg5+ $1 28. Kf1 (28. Rg3 $11 Qf6 29. fxg6) 28... Rf4 ({Avoid the trap} 28... Nxf5 $2 29. Bxf5 Rf4 30. Bg4 $18) ({But not} 28... gxf5 $6 29. Rg3 $11) 29. Rg3 $2 (29. fxg6 $17 {was necessary.} fxg6 30. c5) 29... Qh4 $2 (29... Nxf5 $19 30. Bxf5 Qxf5) 30. fxg6 f5 31. Bd3 Rg5 32. Kg2 Nxg6 33. Rxg5 Qxg5+ 34. Rg3 Qf6 35. Qd2 (35. c5 $15) 35... b6 36. Qe2 (36. Kf1 $17) 36... Qh4 (36... e4 $142 37. Bc2 Qxb2) 37. Qc2 Kf6 38. Qa4 $2 {[%emt 0:01:05] [#]} (38. Bf1 $17) 38... Rxf2+ $1 {[%emt 0:04:00] Clearance} 39. Kxf2 f4 {[%emt 0:00:16] Pin} 40. Bxg6 Qxg3+ 41. Ke2 Qg2+ 42. Kd1 $19 Qf3+ 43. Kc2 Kxg6 44. Qe8+ Kf5 45. Qf7+ Ke4 46. Qxc7 Qe2+ 47. Kb3 f3 48. Qxd6 Qd3+ 0-1

[Event "127th NZ Congress 2020"]
[Site "Tauranga"]
[Date "2020.01.22"]
[Round "9.8"]
[White "Bennett, Hilton"]
[Black "Reilly, Tim"]
[Result "0-1"]
[ECO "B09"]
[WhiteElo "1913"]
[BlackElo "2098"]
[Annotator "NA"]
[PlyCount "50"]
[EventDate "2020.01.14"]
[EventType "swiss"]
[EventCountry "NZL"]
[SourceTitle "playchess.com"]
[Source "ChessBase"]
[SourceQuality "1"]
[TimeControl "40/5400+30:1800+30"]

1. e4 d6 2. d4 g6 3. Nc3 Bg7 4. f4 Nf6 5. Nf3 c5 6. Bb5+ Bd7 7. Bxd7+ (7. e5 $5 Ng4 8. Bxd7+ Qxd7 9. h3 cxd4 10. Qxd4 $14) 7... Nbxd7 8. d5 {[%emt 0:01:03] B09: Pirc Defence: Austrian Attack} O-O 9. O-O b5 10. Qe2 (10. Qe1 b4 11. Nd1 Re8 12. e5 Nxd5 13. e6 Nf8 14. exf7+ Kxf7 15. Ng5+ Kg8 {0-1 (49) Piorun,K (2633)-Duda,J (2724) Brest 2018}) 10... b4 11. Nd1 e6 (11... Re8 $11) 12. dxe6 fxe6 13. e5 $146 (13. a3 $11) ({Predecessor:} 13. Nf2 Nb6 14. a3 a5 15. axb4 axb4 16. Rxa8 Qxa8 {0-1 (45) Marinkov,S (1961)-Sorgic,D (2265) Belgrade 2011}) 13... dxe5 14. fxe5 Ng4 15. Bg5 Qb6 16. Ne3 (16. Nf2 $1 $11 c4 17. Rad1 Ndxe5 18. Nxe5 Nxe5 19. Kh1) 16... Ngxe5 17. Rad1 Nxf3+ 18. Rxf3 Ne5 19. Rxf8+ Rxf8 20. Nc4 (20. Be7 $15 Re8 21. Bh4) 20... Nxc4 21. Qxc4 Bxb2 22. Rd7 $2 (22. Be3) 22... Bd4+ 23. Kh1 {[%emt 0:00:04] [#]} Qc6 $1 24. Rd8 Rxd8 25. Bxd8 $19 Qd5 0-1

[Event "127th NZ Congress 2020"]
[Site "Tauranga"]
[Date "2020.01.22"]
[Round "9.10"]
[White "Dowden, R.A. Tony"]
[Black "Winter, Ryan"]
[Result "1/2-1/2"]
[ECO "B18"]
[WhiteElo "2056"]
[BlackElo "1862"]
[Annotator "NA RC"]
[PlyCount "27"]
[EventDate "2020.01.14"]
[EventType "swiss"]
[EventCountry "NZL"]
[SourceTitle "playchess.com"]
[Source "ChessBase"]
[SourceQuality "1"]
[TimeControl "40/5400+30:1800+30"]

1. e4 c6 2. Nc3 d5 3. d4 dxe4 4. Nxe4 Bf5 5. Ng3 Bg6 6. N1e2 e6 7. Nf4 Bd6 8. Nxg6 hxg6 9. Ne4 Be7 10. c3 Nf6 11. Bd3 Nxe4 12. Bxe4 Qc7 $14 13. g3 Nd7 14. Bf4 1/2-1/2